 Dungeon Crawl Stone Soup version 0.19.1-1-g22dce08 (webtiles) character file.

130 theAP the Magician (level 4, -6/24 HPs)
             Began as a Deep Elf Wizard on Jan 6, 2017.
             Splashed by a jelly's acid (9 damage)
             ... in a sewer.
             The game lasted 00:19:45 (2604 turns).

theAP the Magician (Deep Elf Wizard)                Turns: 2604, Time: 00:19:46

Health: -6/24      AC: -1    Str:  4    XL:     4   Next: 89%
Magic:  8/13       EV: 13    Int: 24    God:
Gold:   93         SH:  0    Dex: 13    Spells: 3 memorised, 9 levels left

rFire  + . .     SeeInvis .     k - staff of wizardry
rCold  . . .     Gourm    .     a - +0 robe
rNeg   . . .     Faith    .     (no shield)
rPois  +         Spirit   .     b - +0 hat
rElec  .         Reflect  .     (no cloak)
rCorr  .         Harm     .     e - +0 pair of gloves
MR     .....                    (no boots)
Stlth  +.........               (no amulet)
                                r - ring of poison resistance
                                l - ring of protection from fire

@: lethally poisoned (-6 -> -10), corroded
A: no striking features
a: no special abilities


You were in a sewer.
You were not hungry.

You visited 1 branch of the dungeon, and saw 3 of its levels.
You also visited: Sewer.

You collected 93 gold pieces.

Inventory:

Armour
 a - a +0 robe (worn)
 b - a +0 hat (worn)
 e - a +0 pair of gloves (worn)
Magical Staves
 k - an uncursed staff of wizardry (weapon)
Jewellery
 l - a ring of protection from fire (left hand)
 m - an uncursed ring of flight
 r - a ring of poison resistance (right hand)
Wands
 q - a wand of polymorph (3/24)
Potions
 g - a potion of berserk rage {unknown}
 h - a potion of agility {unknown}
 j - a potion of resistance {unknown}
 n - a potion of haste {unknown}
 o - a potion of cure mutation {unknown}
 p - 2 potions of heal wounds {unknown}
 t - 2 potions of might {unknown}
Books
 c - a book of Minor Magic

   Spells                             Type                      Level
   a - Magic Dart                     Conjuration                  1
   b - Blink                          Translocation                2
   c - Call Imp                       Summoning                    2
   d - Repel Missiles                 Charms/Air                   2
   e - Slow                           Hexes                        2
   f - Conjure Flame                  Conjuration/Fire             3
   g - Mephitic Cloud                 Conjuration/Poison/Air       3
Comestibles
 d - 2 bread rations
 f - 2 meat rations
 i - a slice of pizza


   Skills:
 - Level 1.7 Staves
 - Level 2.4 Dodging
 - Level 2.4 Stealth
 + Level 5.5 Spellcasting
 * Level 3.8 Conjurations
 - Level 1.1 Summonings
   Level 1.1 Translocations


You had 9 spell levels left.
You knew the following spells:

 Your Spells              Type           Power        Failure   Level  Hunger
a - Magic Dart            Conj           ####         1%          1    None
b - Slow                  Hex            #.......     6%          2    None
c - Call Imp              Summ           ##......     4%          2    None


Dungeon Overview and Level Annotations

Branches:
Dungeon (3/15)

Altars:


Message History

* * * LOW HITPOINT WARNING * * *
You feel sick.
That item cannot be evoked!
Evoke which item? (* to show all) (? for menu, Esc to quit)
Zapping:
q - a wand of polymorph {zapped: 2} (will waste charges)
Press: ? - help, Shift-Dir - straight line, f/p - electric eel
Aim: an electric eel (chance to defeat MR: 54%)
The electric eel evaporates and reforms as a jelly!
Evoking this partially-identified wand wasted a few charges.
* * * LOW HITPOINT WARNING * * *
You feel sick.
* * * LOW HITPOINT WARNING * * *
You feel sick. The jelly closely misses you.
Your crimson imp blinks!
* * * LOW HITPOINT WARNING * * *
You feel sick. The jelly barely misses you. The jelly hits you.
* * * LOW HITPOINT WARNING * * *
The acid corrodes you!
You are splashed with acid!
The acid burns!
You die...

#≈# #.# #≈# #≈# #≈#
#####################.#########
≈#≈≈.§§§§..≈..≈≈..≈≈≈≈≈.≈≈≈....
≈#≈≈.§§§§≈.≈≈...@J≈≈†≈5≈≈≈.≈.≈.
########§######################
#.####§# ##5##†## ####.#.##
#...#5## ####.#### #..#.##
###...##


You could see a jelly and a friendly crimson imp.

Vanquished Creatures
  3 adders
  A worm (D:2)
  2 dart slugs (D:1)
  A leopard gecko (D:3)
  An orc (D:3)
  A ball python (Sewer)
  4 bats
  3 giant cockroaches
  8 hobgoblins
  4 frilled lizards
  5 goblins
  8 kobolds
  6 rats
47 creatures vanquished.

Vanquished Creatures (collateral kills)
  The ghost of Quirk the Skirmisher, an amateur DsFi (D:3)
  A leopard gecko (D:3)
  3 giant cockroaches
  A frilled lizard (Sewer)
  A kobold (D:1)
  A rat (Sewer)
8 creatures vanquished.

Grand Total: 55 creatures vanquished

Notes
Turn   | Place    | Note
-------+----------+-------------------------------------------
     0 | D:1      | theAP the Deep Elf Wizard began the quest for the Orb.
     0 | D:1      | Reached XP level 1. HP: 10/10 MP: 7/7
   500 | D:1      | Reached XP level 2. HP: 15/15 MP: 5/9
   847 | D:1      | Learned a level 2 spell: Slow
   850 | D:1      | Learned a level 2 spell: Call Imp
   862 | D:1      | Reached skill level 5 in Spellcasting
  1424 | D:2      | Reached XP level 3. HP: 19/19 MP: 3/11
  2026 | D:2      | Reached skill level 1 in Staves
  2226 | D:3      | Noticed Quirk's ghost (amateur DsFi)
  2249 | D:3      | Killed Quirk's ghost
  2249 | D:3      | Reached XP level 4. HP: 19/24 MP: 2/13
  2334 | D:3      | Found a glowing drain.
  2365 | Sewer    | Entered a sewer
  2604 | Sewer    | Splashed by a jelly's acid

Skill      XL: |  1  2  3 |
---------------+----------+-----
Conjurations   | 2 3 |  3.8
Spellcasting   | 5 |  5.5
Staves         | 1 |  1.7
Dodging        | |  2.4
Stealth        | |  2.4
Summonings     | |  1.1
Translocations | |  1.1

Action                   |  1- 3 |  4- 6 || total
-------------------------+-------+-------++-------
Melee: Unarmed           |    21 |       ||    21
       Staff             |    10 |     2 ||    12
 Cast: Magic Dart        |    96 |    18 ||   114
       Call Imp          |    12 |     9 ||    21
Evoke: Wand              |       |     2 ||     2
  Use: Scroll            |     2 |     1 ||     3
       Potion            |       |     2 ||     2
  Eat: Chunk             |     4 |     1 ||     5
Armor: Robe              |    15 |     9 ||    24
Dodge: Dodged            |    34 |    28 ||    62
